 Dungeon Crawl Stone Soup version 0.15-a0-1253-g15b4f57 (webtiles) character file.

70 Quh the Charmwright (level 4, 0/31 HPs)
             Began as a High Elf Skald on June 4, 2014.
             Slain by a goblin (4 damage)
             ... on Level 2 of the Dungeon.
             The game lasted 00:06:22 (1811 turns).

Quh the Charmwright (High Elf Skald)                Turns: 1811, Time: 00:06:22

HP   0/31        AC  3     Str 11      XL: 4   Next:  4%
MP   5/11        EV 10     Int 17      God:
Gold 9           SH  0     Dex 14      Spells:  3 memorised,  1 level left

rFire  . . .     SeeInvis .     a - +0 short sword
rCold  . . .     Clarity  .     m - +0 leather armour
rNeg   . . .     rCorr    .     (no shield)
rPois  .         rRot     .     (no helmet)
rElec  .         Spirit   .     (no cloak)
SustAb .         Warding  .     (no gloves)
rMut   .         Stasis   .     (no boots)
Gourm  .                        (no amulet)
MR     .....                    (no ring)
                                (no ring)

@: starving, not resistant to hostile enchantments, very unstealthy
A: no striking features
a: no special abilities


You were on level 2 of the Dungeon.
You were starving.

You visited 1 branch of the dungeon, and saw 2 of its levels.

You collected 9 gold pieces.

Inventory:

Hand weapons
 a - a +0,+0 short sword (weapon)
Missiles
 n - 8 tomahawks (quivered)
 o - 4 stones
Armour
 b - a +0 leather armour
 m - a +0 leather armour (worn)
Comestibles
 d - a bread ration
 k - a slice of pizza
 s - a rotting chunk of rat flesh
Scrolls
 e - 3 scrolls of identify {unknown}
 f - a scroll of enchant weapon I {unknown}
 g - a scroll of teleportation {unknown}
 j - a scroll of noise {unknown}
 p - a scroll of fog {unknown}
Jewellery
 h - an uncursed ring of sustain abilities {unknown}
Potions
 i - a potion of might
 l - a potion of curing {unknown}
 r - a potion of restore abilities {unknown}
 t - a potion of porridge
Books
 c - a book of Battle

   Spells                             Type                      Level
   *Infusion                          Charms                       1
   *Shroud of Golubria                Charms/Translocation         2
   Song of Slaying                    Charms                       2
   Spectral Weapon                    Hexes/Charms                 3
   *Regeneration                      Charms/Necromancy            3


   Skills:
 * Level 3.1 Fighting
 * Level 3.4 Short Blades
 - Level 0.8 Armour
 - Level 1.1 Dodging
 - Level 2.4 Spellcasting
 * Level 4.5 Charms


You had one spell level left.
You knew the following spells:

 Your Spells              Type           Power        Failure   Level  Hunger
a - Infusion              Chrm           ###...       2%          1    #......
b - Shroud of Golubria    Chrm/Tloc      #.........   14%         2    ##.....
c - Regeneration          Chrm/Necr      #.........   24%         3    ###....


Dungeon Overview and Level Annotations

Branches:
Dungeon (2/15)

Altars:


Message History

The goblin barely misses you.
You completely miss the goblin.
The goblin is moderately wounded.
The goblin barely misses you.
You feel sick.
You are no longer poisoned.
You hit the goblin but do no damage.
The goblin is moderately wounded.
The goblin hits you but does no damage.
You closely miss the goblin.
The goblin is moderately wounded.
The goblin hits you.
* * * LOW HITPOINT WARNING * * *
You hit the goblin but do no damage.
The goblin is moderately wounded.
The goblin hits you but does no damage.
You miss the goblin.
The goblin is moderately wounded.
The goblin hits you.
You die...

##### #%.######%.......# .
#...# #........#..####.###
#.#.###...###.##.........#
#.#.......# #.# #..##.....
#.######..###.# #......#.#
#.# #......# #..###.#..
#.#######.########..##.###
#.#......g....#...........
#.#.#####@###.#.###..#.###
#.#.##....#.#.#.###..#.#
#.#.##.####.#.#........#
#.#.........#.#####..###
#.####......#.....##..#
#.###############.##..##
#.............(...###..#
######....######..###..#
#.....# #......>##


You could see a goblin.

Vanquished Creatures
  4 adders (D:2)
  A worm (D:2)
  A giant cockroach (D:1)
  5 goblins (D:1)
  4 hobgoblins
  2 ball pythons (D:1)
  4 bats (D:1)
  2 giant newts
  7 kobolds
  2 rats
32 creatures vanquished.

Notes
Turn   | Place    | Note
--------------------------------------------------------------
     0 | D:1      | Quh, the High Elf Skald, began the quest for the Orb.
     0 | D:1      | Reached XP level 1. HP: 14/14 MP: 4/4
   506 | D:1      | Reached skill level 4 in Charms
   506 | D:1      | Reached XP level 2. HP: 17/19 MP: 0/6
   656 | D:1      | Learned a level 2 spell: Shroud of Golubria
  1279 | D:2      | Reached XP level 3. HP: 20/25 MP: 0/8
  1568 | D:2      | Learned a level 3 spell: Regeneration
  1787 | D:2      | Reached XP level 4. HP: 3/31 MP: 2/11
  1811 | D:2      | Slain by a goblin

Action                   |  1- 3 |  4- 6 || total
-------------------------+-------+-------++-------
Melee: Short sword       |   100 |     7 ||   107
 Cast: Infusion          |    11 |       ||    11
       Shroud of Golubri |    12 |       ||    12
       Regeneration      |     2 |       ||     2
  Use: Potion            |     2 |       ||     2
